 Dungeon Sprint DCSS version 0.24-a0-250-g6074511092 (webtiles) character file.

Game seed: 15862529439300736266

2557 Redear the Grappler (level 9, -15/76 HPs)
             Began as a Demonspawn Fighter on Apr 15, 2019.
             Was a Priest of Cheibriados.
             Demolished by a two-headed ogre
             ... wielding a +0 giant club
              (18 damage)
             ... in the Dungeon (Sprint III: "The Ten Rune Challenge").
             The game lasted 00:05:52 (1882 turns).

Redear the Grappler (Demonspawn Fighter)            Turns: 1882, Time: 00:05:53

Health: -15/76     AC:  4    Str: 28    XL:     9   Next: 31%
Magic:  6/9        EV: 18    Int: 19    God:    Cheibriados [***...]
Gold:   34         SH:  0    Dex: 21    Spells: 8/8 levels left

rFire    + . .     SeeInvis .     - Unarmed
rCold    . . .     Gourm    .   (no shield)
rNeg     . . .     Faith    .   l - +0 leather armour
rPois    .         Spirit   .   (no helmet)
rElec    .         Reflect  .   (no cloak)
rCorr    .         Harm     .   (no gloves)
MR       +....     NoTele   +   (boots unavailable)
Stlth    ++........             (no amulet)
HPRegen  0.22/turn              (no ring)
MPRegen  0.11/turn              (no ring)

@: mighty, very slow
A: claws 1, fangs 1, hooves 3, fire resistance 1, magic resistance 1,
nightstalker 1
a: Bend Time, Temporal Distortion, Renounce Religion


You were in the Dungeon.
You worshipped Cheibriados.
Cheibriados was most pleased with you.
You were not hungry.

You visited 1 branch You collected 34 gold pieces.

Inventory:

Armour
 a - a +0 scale mail
 b - a +0 shield
 l - a +0 leather armour (worn)
Wands
 n - a wand of disintegration (15)
Scrolls
 e - 2 scrolls of torment {unknown}
 f - a scroll of identify {unknown}
 g - a scroll of immolation {unknown}
 k - 2 scrolls of remove curse {unknown}
Potions
 d - 3 potions of mutation {!q}
 h - 2 potions of magic
Miscellaneous
 i - a phantom mirror
Comestibles
 j - 4 chunks of flesh
 z - 4 rations


   Skills:
 - Level 9.0 Fighting
 - Level 8.2 Armour
 - Level 7.6 Dodging
 - Level 8.2 Shields
 + Level 12.5 Unarmed Combat


You had 8 spell levels left.
You didn't know any spells.
Your spell library contained the following spells:

 Spells                   Type           Power        Failure   Level  Hunger
 Confusing Touch          Hex            #.....       22%         1    ##.....
 Confuse                  Hex            #.......     56%         3    ####...
 Gell's Gravitas          Tloc           #.........   56%         3    ####...
 Petrify                  Tmut/Erth      #.......     92%         4    #####..
 Metabolic Englaciation   Hex/Ice        #.........   99%         5    ######.
 Yara's Violent Unravell  Hex/Tmut       #.........   99%         5    ######.


Dungeon Overview and Level Annotations

Branches:
Dungeon (1/1)

Altars:
Cheibriados
Dithmenos
Elyvilon
Fedhas
Gozag
Hepliaklqana
Kikubaaqudgha
Makhleb
Nemelex Xobeh
Okawaru
Qazlal
Ru
Sif Muna
Trog
Uskayaw
Vehumet
Wu Jian
Xom
Yredelemnul
Zin
The Shining One
Beogh
Jiyva
Lugonu


Innate Abilities, Weirdness & Mutations

You have sharp fingernails.
You have hooves in place of feet.
Your flesh is heat resistant. (rF+)
You are slightly more attuned to the shadows.
You have very sharp teeth.
You are resistant to hostile enchantments. (MR+)


Message History

You take 6 damage, and have 2/76 hp.
You now have 6/9 mp.
Press: ? - help, v - describe, . - travel, g - get item
Here: a two-headed ogre, wielding a +0 giant club and a +0 giant spiked club A +0 giant club.
There is something else lying underneath.
The floor, spattered with blood.
Unknown command.
Okay, then.
Unknown command.
Okay, then.
Unknown command.
Unknown command.
You claw the two-headed ogre! You kick the two-headed ogre.
The two-headed ogre is moderately wounded.
Unknown command.
You mangle the two-headed ogre!! You kick the two-headed ogre.
You bite the two-headed ogre!
The two-headed ogre is severely wounded.
The two-headed ogre hits you with a +0 giant club!!
You die...

__# ._# )## ..#
..# #'#
..#+##############
..#....#.#.#.....#
..##.#..#.##.###@#
..'##.#.#.##)#.O##
..#)..#..#..##..
▓▓▓▓▓▓▓▓▓▓▓▓▓▓▓▓


You could see a two-headed ogre.

Vanquished Creatures
  Erolcha (D)
  A deep elf mage (D)
  A shadow (D)
  A redback (D)
  A spatial vortex (D)
  A necrophage (D)
  4 two-headed ogres (D)
  A water elemental (D)
  A jelly (D)
  A wizard (D)
  Jessica (D)
  A necromancer (D)
  A kobold demonologist (D)
  3 humans (D)
  An ooze (D)
  A phantom (D)
  2 rats (D)
23 creatures vanquished.

Vanquished Creatures (others)
  2 draconian scorchers (D)
  A fire dragon (D)
  2 yaktaurs (D)
  6 hellions (D)
  A plant (D)
12 creatures vanquished.

Grand Total: 35 creatures vanquished

Notes
Turn   | Place    | Note
-------+----------+-------------------------------------------
     0 | D        | Redear the Demonspawn Fighter began the quest for the Orb.
     0 | D        | Reached XP level 1. HP: 18/18 MP: 1/1
    15 | D        | Reached skill level 3 in Armour
    15 | D        | Reached skill level 1 in Dodging
    15 | D        | Reached skill level 3 in Shields
    15 | D        | Reached skill level 2 in Unarmed Combat
    89 | D        | Killed a hellion
    91 | D        | Killed a hellion
    98 | D        | Noticed Jessica
   101 | D        | Killed a hellion
   101 | D        | Killed a hellion
   104 | D        | Killed a hellion
   104 | D        | Killed a hellion
   114 | D        | Killed a yaktaur
   121 | D        | Killed Jessica
   121 | D        | Reached skill level 4 in Fighting
   121 | D        | Reached skill level 2 in Dodging
   121 | D        | Reached skill level 3 in Unarmed Combat
   121 | D        | Gained mutation: Your flesh is heat resistant. (rF+)
                  | [demonic ancestry]
   121 | D        | Reached XP level 2. HP: 4/25 MP: 2/2
   121 | D        | Gained mutation: You have large cloven feet. [demonic
                  | ancestry]
   121 | D        | Reached XP level 3. HP: 5/30 MP: 3/3
   183 | D        | Killed a white draconian scorcher
   306 | D        | Killed a white draconian scorcher
   345 | D        | HP: 1/30 [human (5)]
   501 | D        | Reached skill level 4 in Shields
   518 | D        | Gained mutation: You are dopey. (Int -2) [potion of
                  | mutation]
   518 | D        | Gained mutation: You expend magic power (3 MP) to
                  | strengthen your wands. [potion of mutation]
   518 | D        | Gained mutation: Your system is resistant to poisons.
                  | (rPois) [potion of mutation]
   521 | D        | Lost mutation: Your system is resistant to poisons. (rPois)
                  | [potion of mutation]
   521 | D        | Lost mutation: You expend magic power (3 MP) to strengthen
                  | your wands. [potion of mutation]
   521 | D        | Lost mutation: You are dopey. (Int -2) [potion of mutation]
   521 | D        | Gained mutation: You have very sharp teeth. [potion of
                  | mutation]
   521 | D        | Gained mutation: You are resistant to hostile enchantments.
                  | (MR+) [potion of mutation]
   542 | D        | Noticed a water elemental
   546 | D        | Killed a water elemental
   546 | D        | Reached skill level 5 in Fighting
   546 | D        | Reached skill level 4 in Armour
   546 | D        | Reached skill level 3 in Dodging
   546 | D        | Reached skill level 4 in Unarmed Combat
   546 | D        | Reached XP level 4. HP: 39/39 MP: 4/4
   596 | D        | Found a hide-covered altar of Uskayaw.
   596 | D        | Found a roughly hewn altar of Beogh.
   596 | D        | Found an iron altar of Okawaru.
   596 | D        | Found a bloodstained altar of Trog.
   596 | D        | Found an ornate altar of the Wu Jian Council.
   596 | D        | Noticed a human
   597 | D        | Noticed a human
   640 | D        | Killed a human
   640 | D        | Reached skill level 6 in Fighting
   640 | D        | Reached skill level 5 in Armour
   640 | D        | Reached skill level 4 in Dodging
   640 | D        | Reached skill level 5 in Shields
   640 | D        | Reached skill level 5 in Unarmed Combat
   640 | D        | Gained mutation: You have sharp fingernails. [demonic
                  | ancestry]
   640 | D        | Reached XP level 5. HP: 37/46 MP: 5/5
   651 | D        | Killed a human
   651 | D        | Reached skill level 7 in Fighting
   651 | D        | Reached skill level 6 in Armour
   651 | D        | Reached skill level 5 in Dodging
   651 | D        | Reached skill level 6 in Shields
   651 | D        | Reached skill level 6 in Unarmed Combat
   651 | D        | Gained mutation: You have hoof-like feet. [demonic
                  | ancestry]
   651 | D        | Reached XP level 6. HP: 37/55 MP: 6/6
   751 | D        | Killed a fire dragon
   755 | D        | Found a glowing silver altar of Zin.
   755 | D        | Found a glowing golden altar of the Shining One.
   755 | D        | Found a white marble altar of Elyvilon.
   756 | D        | Noticed a deep elf mage
   761 | D        | Killed a deep elf mage
   761 | D        | Reached skill level 8 in Fighting
   761 | D        | Reached skill level 7 in Armour
   761 | D        | Reached skill level 6 in Dodging
   761 | D        | Reached skill level 7 in Shields
   761 | D        | Reached skill level 7 in Unarmed Combat
   761 | D        | Gained mutation: You are slightly more attuned to the
                  | shadows. [demonic ancestry]
   761 | D        | Reached XP level 7. HP: 28/62 MP: 7/7
   847 | D        | Found a basalt altar of Yredelemnul.
   847 | D        | Found a shadowy altar of Dithmenos.
   847 | D        | Found a sacrificial altar of Ru.
   992 | D        | Found a radiant altar of Vehumet.
   993 | D        | Found a deep blue altar of Sif Muna.
   993 | D        | Found an ancient bone altar of Kikubaaqudgha.
   995 | D        | Noticed a ynoxinul
   999 | D        | Noticed a hellwing
  1018 | D        | Killed a yaktaur
  1170 | D        | Reached skill level 7 in Dodging
  1171 | D        | Noticed a shadow
  1185 | D        | Killed a shadow
  1185 | D        | Reached XP level 8. HP: 29/69 MP: 8/8
  1374 | D        | Found a blossoming altar of Fedhas.
  1374 | D        | Found a stormy altar of Qazlal.
  1375 | D        | Found a snail-covered altar of Cheibriados.
  1375 | D        | Found a burning altar of Makhleb.
  1375 | D        | Found a hazy altar of Hepliaklqana.
  1375 | D        | Found a shimmering altar of Xom.
  1375 | D        | Found an opulent altar of Gozag.
  1375 | D        | Found a sparkling altar of Nemelex Xobeh.
  1375 | D        | Found a corrupted altar of Lugonu.
  1375 | D        | Found a viscous altar of Jiyva.
  1377 | D        | Became a worshipper of Cheibriados the Contemplative
  1387 | D        | Reached skill level 8 in Armour
  1387 | D        | Reached skill level 8 in Shields
  1510 | D        | Reached * piety under Cheibriados
  1513 | D        | HP: 7/70 [two-headed ogre/+0 dire flail (16)]
  1514 | D        | HP: 3/70 [two-headed ogre/+0 dire flail (5)]
  1516 | D        | Reached skill level 9 in Fighting
  1532 | D        | Reached ** piety under Cheibriados
  1532 | D        | Reached skill level 8 in Unarmed Combat
  1711 | D        | Noticed a two-headed ogre
  1722 | D        | Killed a two-headed ogre
  1722 | D        | Reached skill level 9 in Unarmed Combat
  1871 | D        | Noticed a two-headed ogre
  1871 | D        | Noticed Erolcha
  1876 | D        | Killed Erolcha
  1876 | D        | Reached *** piety under Cheibriados
  1876 | D        | Reached skill level 12 in Unarmed Combat
  1876 | D        | Gained mutation: You have hooves in place of feet. [demonic
                  | ancestry]
  1876 | D        | Reached XP level 9. HP: 29/76 MP: 9/9
  1880 | D        | HP: 2/76 [two-headed ogre/+0 giant club (6)]
  1882 | D        | Demolished by a two-headed ogre

Levels and vault maps discovered:
D:        dungeon_sprint_mu [sprint_mu_entry_forest, sprint_mu_temple_rooms,
          sprint_mu_d1_spiders, sprint_mu_d2_genie, sprint_mu_d3_branching,
          sprint_mu_orc_legion, sprint_mu_elf_gauntlet, sprint_mu_hive_nellie,
          sprint_mu_lair_fedhas, sprint_mu_vaults_butterflies,
          sprint_mu_slime_circle, sprint_mu_swamp_cave, sprint_mu_snake_twists,
          sprint_mu_blade_basic, sprint_mu_crypt_chambers,
          sprint_mu_tomb_spiral, sprint_mu_vestibule_basic,
          sprint_mu_gehenna_hellfire, sprint_mu_dis_giant,
          sprint_mu_tartarus_statrot, sprint_mu_cocytus_islands, sprint_mu_zot1]

Skill      XL: |  1  2  3  4  5  6  7  8 |
---------------+-------------------------+-----
Armour         | 3 4 5 6 7 8 |  8.2
Dodging        | 2 3 4 5 6 7 |  7.6
Shields        | 3 4 5 6 7 8 |  8.2
Unarmed Combat | 3 4 5 6 7 12 | 12.5
Fighting       | 4 5 6 7 8 9 |  9.0

Action                   |  1- 3 |  4- 6 |  7- 9 || total
-------------------------+-------+-------+-------++-------
Melee: Unarmed           |    71 |    54 |    80 ||   205
       Kick              |     8 |    12 |    42 ||    62
       Bite              |     1 |     6 |    12 ||    19
       Punch             |     1 |     4 |     3 ||     8
Invok: Bend Time         |       |       |     1 ||     1
  Use: Potion            |     4 |     3 |     5 ||    12
       Scroll            |       |       |     1 ||     1
 Stab: Sleeping          |       |       |     1 ||     1
  Eat: Chunk             |       |       |     3 ||     3
Armor: Scale mail        |    10 |    13 |       ||    23
       Leather armour    |       |       |    12 ||    12
Dodge: Dodged            |    34 |    20 |    62 ||   116

Table legend:
 A = Non-vault XP
 B = Vault XP
 C = Vault XP percentage of total XP
 D = Non-vault monster count
 E = Vault monster count
 F = Vault count percentage of total count
                 A         B        C        D         E       F
            +---------+---------+-------+---------+---------+-------
      Total |       0 |    3654 | 100.0 |       0 |      23 | 100.0
            +---------+---------+-------+---------+---------+-------
          D |       0 |    3654 | 100.0 |       0 |      23 | 100.0
            +---------+---------+-------+---------+---------+-------
